[Event "*** Titled Tuesday Blitz"]
[Site "Chess.com"]
[Date "2020.05.05"]
[Round "3"]
[White "diskeleven"]
[Black "DLR7"]
[Result "0-1"]
[WhiteElo "2343"]
[BlackElo "2695"]
[TimeControl "180+1"]
[EndTime "10:31:12 PDT"]
[Termination "DLR7 won by resignation"]

1. d4 Nf6 2. c4 e6 3. Nf3 Bb4+ 4. Nbd2 O-O 5. a3 Bxd2+ 6. Bxd2 b6 7. Bg5 d6 8. e3 h6 9. Bh4 Bb7 10. Be2 Nbd7 11.
O-O e5 12. dxe5 Nxe5 13. Nxe5 dxe5 14. Qxd8 Raxd8 15. Rfd1 Bc6 16. Bg3 Rxd1+ 17. Rxd1 Re8 18. f3 Ba4 19. Rd2 Nh5 20. Bf2 f5 21. h3 Nf6 22. g4 Bd7 23. gxf5 Bxf5 24. Kh2 e4 25. f4 Be6 26. Rd4 Kf7 27. Bh4 c5 28. Rd6 Ke7 29.
Rd2 Rg8 30. Bg3 g6 31. b3 Ne8 32. Bg4 Nd6 33. f5 Nxf5 34. Bxf5 Bxf5 35. Bd6+ Kf6 36.
Bf4 g5 37. Rd6+ Be6 38. Bg3 h5 39. Kg2 h4 40. Bh2 g4 41. hxg4 Rxg4+ 42. Kf2 h3 43.
Bg3 Rg7 44. Rd8 Rd7 45. Rxd7 Bxd7 46. Bh2 Ke6 47. b4 cxb4 48. axb4 Ba4 49. c5 bxc5 50. bxc5 Bd7 51. Kg3 Kd5 52. Kf4 Bc6 53. Kg3 Bd7 54.
Kf4 Bc6 55. Kg3 Kxc5 56. Kxh3 a5 57. Be5 Kc4 58. Kg3 Kd3 59. Kf4 a4 60. Bd4 a3 61.
Ke5 a2 62. Kd6 Ba8 63. Kc5 Kc2 64. Kb4 Kb1 65. Kb3 a1=Q 66. Bxa1 Kxa1 67. Kc2 Ka2 68. Kc3 Kb1 69. Kd2 Kb2 70. Kd1 Kc3 0-1

[Event "*** Titled Tuesday Blitz"]
[Site "Chess.com"]
[Date "2020.05.05"]
[Round "3"]
[White "PauloCesarCosta_sad"]
[Black "pooh2012"]
[Result "1-0"]
[WhiteElo "2195"]
[BlackElo "2463"]
[TimeControl "180+1"]
[EndTime "10:31:13 PDT"]
[Termination "PauloCesarCosta_sad won by resignation"]

1. Nf3 d6 2. d4 Nf6 3. c4 Nbd7 4. Nc3 c6 5. e4 e5 6. Be2 Be7 7. O-O O-O 8. Qc2 Qc7 9. Bg5 Re8 10. h3 Nf8 11. d5 a5 12. Rfd1 Ng6 13. Qd2 Rd8 14.
Rac1 c5 15. Nb5 Qb6 16. Bd3 a4 17. Re1 Bd7 18. Rc3 h6 19. Be3 Nh5 20. Ra3 Nhf4 21. Bf1 Rdc8 22. Rd1 Qd8 23. Qc2 Qa5 24. Kh2 Bxb5 25.
cxb5 c4 26. Bxc4 Qxb5 27. Bxb5 Rxc2 28. Rb1 Nf8 29. Rxa4 Rxa4 30. Bxa4 Rc8 31. Rc1 Rxc1 32. Bxc1 Nd3 33. Be3 Nxb2 34. Bb3 Nd3 35. Kg1 b5 36. Kf1 f6 37. Ne1 Nb2 38. Ke2 Nc4 39. Nd3 Nd7 40.
Nb4 Ndb6 41. Nc6 Kf7 42. Bxb6 Nxb6 43. Nxe7 Kxe7 44. Kd3 Kd7 45. Kc3 Kc7 46. Kb4 Nd7 47. Kxb5 Nc5 48. f3 Nd3 49. a4 Ne1 50. a5 Kb7 51. Bd1 Nxg2 52. a6+ Ka7 53. Be2 Nf4 54. Bf1 Ng6 55. Kc6 Nh4 56. Kxd6 Nxf3 57. Ke7 Nd4 58. Kf7 Nf3 59. Kxg7 Ng5 60. Kxf6 Nxe4+ 61. Kxe5 Ng5 62. Kf5 Nf7 63. Kg6 Nd6 64. Kxh6 Kb6 65.
h4 Nc8 66. Bg2 Kc5 67. h5 Kd6 68. Kg7 Ke7 69. h6 Nd6 70. h7 Nf5+ 71. Kg8 Nh6+ 72.
Kg7 Nf5+ 73. Kg6 Nh4+ 74. Kh5 Nxg2 75. h8=Q Nf4+ 76. Kg4 Nxd5 77. Kf3 Nc7 78. Qh7+ Kd6 79. a7 Na8 80. Qb7 Nc7 81. Qxc7+ Kxc7 82. a8=Q 1-0

[Event "*** Titled Tuesday Blitz"]
[Site "Chess.com"]
[Date "2020.05.05"]
[Round "3"]
[White "DenisQ"]
[Black "Andreikka"]
[Result "1-0"]
[WhiteElo "2678"]
[BlackElo "2949"]
[TimeControl "180+1"]
[EndTime "10:31:15 PDT"]
[Termination "DenisQ won on time"]

1. Nf3 d5 2. c4 e6 3. d4 Nf6 4. Nc3 Bb4 5. cxd5 exd5 6. Bg5 h6 7. Bxf6 Qxf6 8. Qa4+ Nc6 9. e3 O-O 10. Bb5 Bxc3+ 11.
bxc3 Ne7 12. O-O c6 13. Bd3 Bf5 14. Qc2 Bxd3 15. Qxd3 Qe6 16. a4 Nf5 17. Rfc1 Nd6 18. Nd2 Rac8 19. c4 c5 20. dxc5 Rxc5 21. cxd5 Rxd5 22.
Qe2 Rd8 23. Nf3 Nf5 24. h3 Nd4 25. Nxd4 Rxd4 26. Qf3 R4d7 27. a5 Qe5 28. Rab1 Qxa5 29. Rxb7 g6 30. Rxd7 Rxd7 31. Qf6 Qd8 32. Qxd8+ Rxd8 33. Ra1 Rd7 34. g4 Kg7 35. Kg2 Kf6 36. f4 Ke6 37. Ra6+ Kd5 38. Kf3 Kc4 39. Ra1 Kb5 40. Rb1+ Kc4 41. Rc1+ Kb3 42. Ra1 Kc4 43. Rc1+ Kb5 44.
Rb1+ Kc6 45. Rc1+ Kb7 46. Rb1+ Kc8 47. Ra1 Kb7 48. Rb1+ Ka8 49. Ra1 Rd6 50. f5 a6 51.
e4 Kb7 52. h4 g5 53. hxg5 hxg5 54. e5 Rd4 55. Re1 Kc7 56. e6 fxe6 57. Rxe6 Rd6 58. Rxd6 Kxd6 59. Ke4 Kc5 60. Kd3 Kd5 61. Kc3 Kc5 62.
Kb3 Kd5 63. Kb4 Ke5 64. Ka5 Kf6 65. Kxa6 Ke5 66. Kb6 Kf6 67. Kc6 Ke5 68. Kd7 Kf6 69.
Kd6 Kf7 70. Ke5 Kg7 71. Ke6 Kh7 72. Kf6 Kh6 73. Kf7 Kh7 74. f6 Kh6 75. Kg8 Kg6 76. f7 1-0

[Event "*** Titled Tuesday Blitz"]
[Site "Chess.com"]
[Date "2020.05.05"]
[Round "3"]
[White "HarutyunianTigranK"]
[Black "orkan85"]
[Result "1-0"]
[WhiteElo "2712"]
[BlackElo "2486"]
[TimeControl "180+1"]
[EndTime "10:31:16 PDT"]
[Termination "HarutyunianTigranK won by resignation"]

1. c4 c5 2. Nf3 Nc6 3. Nc3 g6 4. e3 Nf6 5. d4 cxd4 6. exd4 d5 7.
cxd5 Nxd5 8. Qb3 e6 9. Bg5 f6 10. Bd2 Kf7 11. Bc4 Na5 12. Qa4 Nxc4 13. Qxc4 b6 14. O-O Bb7 15. Rfe1 Rc8 16. Qb3 Bd6 17. Ne4 Re8 18. h3 Bf8 19. Re2 Ba6 20. Ree1 Bc4 21. Qd1 Bg7 22. Rc1 Qd7 23. Ng3 a5 24. Ne4 Ba6 25. Qb3 h6 26. a3 Bf8 27. Nc3 Nxc3 28.
Bxc3 Rc6 29. Re3 Bc4 30. Qc2 Bd5 31. Rce1 Bg7 32. Nh4 f5 33. Nf3 Bxf3 34. Rxf3 Qd5 35. Qe2 Rd8 36. Re3 Rd7 37. h4 Bf6 38. h5 g5 39. Qa6 Bxd4 40. Bxd4 Qxd4 41. Qa8 Qd6 42. Qh8 Qf8 43. Qxf8+ Kxf8 44. Rxe6 Rdd6 45. Re8+ Kf7 46.
R8e7+ Kf6 47. Rh7 g4 48. Rxh6+ Kg5 49. Rh8 Rh6 50. Rg8+ Kxh5 51. g3 Rcg6 52. Rd8 Kg5 53. Kg2 Re6 54. Rg8+ Rhg6 55. Rxe6 Rxg8 56. Rxb6 Rc8 57.
Rb5 Rc2 58. b3 Rb2 59. a4 Kg6 60. Kf1 Kg5 61. Ke1 Kg6 62. Rxa5 Rxb3 63. Rb5 Ra3 64. a5 Kg5 65. Rc5 Ra1+ 66. Ke2 Ra2+ 67. Ke3 Ra1 68. Kd4 Ra2 69. Kc4 Ra3 70. Kb5 Ra2 71. a6 Rxf2 72. Rc4 Kf6 73. a7 Rb2+ 74. Rb4 Ra2 75. Ra4 Rxa4 76. Kxa4 Ke5 77. a8=Q f4 78. Qb8+ 1-0

[Event "*** Titled Tuesday Blitz"]
[Site "Chess.com"]
[Date "2020.05.05"]
[Round "3"]
[White "Casablanca"]
[Black "afgano29"]
[Result "0-1"]
[WhiteElo "2476"]
[BlackElo "2702"]
[TimeControl "180+1"]
[EndTime "10:31:16 PDT"]
[Termination "afgano29 won by checkmate"]

1. d4 Nf6 2. Bg5 e6 3. Nd2 c5 4.
e3 b6 5. c3 Bb7 6. Ngf3 Be7 7. Bd3 h6 8. Bh4 O-O 9. O-O cxd4 10.
exd4 Nd5 11. Bxe7 Qxe7 12. Re1 d6 13. Rc1 Nd7 14. a3 Nf4 15. Bf1 Qf6 16. g3 Ng6 17. Bg2 d5 18. Qe2 Qd8 19. h4 a5 20. h5 Ba6 21. Qe3 Ne7 22. Ne5 Nxe5 23. Qxe5 b5 24.
b4 Bb7 25. Nb3 axb4 26. axb4 Nc8 27. Nc5 Nd6 28. Ra1 Nc4 29. Nxb7 Qb6 30. Qf4 Qxb7 31. Bf1 Rfc8 32. Rxa8 Qxa8 33. Qc1 Qa2 34. Qa1 Ra8 35. Qxa2 Rxa2 36. Bxc4 dxc4 37. d5 exd5 38. Re8+ Kh7 39.
Rd8 Rc2 40. Rxd5 Rxc3 41. Rxb5 Rb3 42. Rc5 Rxb4 43. Kg2 g5 44. hxg6+ Kxg6 45. f4 Kf6 46. g4 Kg7 47. Kf3 Rb3+ 48. Ke4 c3 49. Kd3 Rb4 50. Rf5 Rc4 51. Kc2 Kg6 52. Ra5 Rxf4 53. Kxc3 Rxg4 54. Kd3 h5 55. Ke3 h4 56. Kf3 Rg5 57. Ra4 h3 58. Rh4 Rh5 59. Rg4+ Kh6 60. Rg1 Rf5+ 61. Ke4 Rg5 62.
Rh1 Rg3 63. Kf4 Ra3 64. Kg4 Kg6 65. Kf4 f5 66. Rg1+ Kh5 67. Kxf5 Kh4 68. Kf4 h2 69. Rg4+ Kh3 70. Rg8 Ra4+ 71. Ke3 h1=Q 72. Rh8+ Kg2 73. Rg8+ Kf1 74. Rf8+ Ke1 75. Rb8 Qh3# 0-1

[Event "*** Titled Tuesday Blitz"]
[Site "Chess.com"]
[Date "2020.05.05"]
[Round "3"]
[White "Grischuk"]
[Black "Onischuk_V"]
[Result "1-0"]
[WhiteElo "3118"]
[BlackElo "2663"]
[TimeControl "180+1"]
[EndTime "10:31:18 PDT"]
[Termination "Grischuk won on time"]

1. Nf3 g6 2. e4 Bg7 3. d4 d6 4. Bd3 Nf6 5. O-O O-O 6. Re1 Nc6 7. d5 Nb4 8. Bf1 a5 9. h3 c6 10. c4 Nd7 11. Nc3 Nc5 12. Bg5 h6 13. Be3 cxd5 14. cxd5 Bd7 15. Nd4 a4 16. Qd2 Kh7 17. Ncb5 Qa5 18.
Nc3 Rfc8 19. Rac1 a3 20. b3 Nba6 21. f3 Rab8 22. Ncb5 Qb4 23. Qf2 Bxb5 24. Nxb5 Nxb3 25. axb3 Rxc1 26. Rxc1 Qxb3 27. Bd4 Nc5 28. Bxg7 Kxg7 29. Rc3 Qb1 30. Rxa3 Rc8 31. Qd4+ f6 32. Ra1 Qb3 33. Qd1 Qe3+ 34. Kh1 h5 35. Qe1 Qf4 36. Rc1 h4 37. Rc4 Qe5 38. Nd4 Ra8 39. Ne6+ Nxe6 40. dxe6 Ra1 41.
Rc1 Rxc1 42. Qxc1 Qxe6 43. Qb1 Qe5 44. Qxb7 Qa1 45. Qb5 g5 46. Qe2 Qd4 47. Qd3 Qc5 48.
Qd1 Qc3 49. Be2 Qe3 50. Qf1 Qf4 51. Kg1 Qe3+ 52. Qf2 Qf4 53. Bf1 Qe5 54. Qe3 Qb2 55.
Qd3 Qe5 56. Qd5 Qf4 57. Qd4 Kf7 58. Kf2 Kg7 59. Ke2 Qc1 60. Qd2 Qc4+ 61. Kf2 Qc5+ 62.
Qe3 Qe5 63. Be2 Qg3+ 64. Kf1 Qe5 65. Qd2 Qg3 66. Qd5 Qf4 67. Qd4 Qc1+ 68. Kf2 Qf4 69. Qe3 Qe5 70. Qd2 Qg3+ 71. Kf1 Qe5 72. Bc4 Qa1+ 73. Ke2 Qg1 74. Kd3 1-0

[Event "*** Titled Tuesday Blitz"]
[Site "Chess.com"]
[Date "2020.05.05"]
[Round "3"]
[White "Mischuk_D"]
[Black "Pultis"]
[Result "1/2-1/2"]
[WhiteElo "2615"]
[BlackElo "2808"]
[TimeControl "180+1"]
[EndTime "10:31:18 PDT"]
[Termination "Game drawn by repetition"]

1. e4 c6 2. Nc3 d5 3. Nf3 Nf6 4.
e5 Ne4 5. Bd3 Nxc3 6. dxc3 Bg4 7. h3 Bxf3 8. Qxf3 e6 9. Qg3 Nd7 10. O-O g6 11. Bg5 Qb6 12. b3 Bg7 13. Rae1 O-O 14.
Kh1 Qc5 15. Bd2 a5 16. a4 Qe7 17. f4 Nc5 18. Bc1 Nxd3 19. Qxd3 Rfb8 20. Bd2 b5 21. Ra1 Qb7 22. Ra2 Ra6 23. Rfa1 Rba8 24. Be3 Bf8 25.
Kh2 b4 26. c4 Rd8 27. Rf1 c5 28. Raa1 Rd7 29. Rad1 Ra8 30. Qe2 Rad8 31. Qf3 Be7 32. cxd5 Rxd5 33. Rxd5 Qxd5 34. Qxd5 Rxd5 35. Kg3 h5 36.
Kf3 Kf8 37. g4 hxg4+ 38. hxg4 g5 39. Rh1 gxf4 40. Bxf4 Kg7 41. Bh6+ Kg8 42. Bf4 c4 43.
Re1 cxb3 44. cxb3 Bc5 45. Rc1 Kg7 46. Ke4 Rd4+ 47. Kf3 Rd5 48. Ke4 Kg6 49. Rc4 Bf8 50. Be3 Bg7 51. Bd4 Bf8 52. Rc8 Be7 53. Rc7 Bd8 54. Rc5 Rxc5 55. Bxc5 Kg5 56. Kf3 Bc7 57. Be3+ Kh4 58. Bf2+ Kh3 59. Bd4 Bd8 60. Kf4 Kh2 61. Ke4 Kg3 62. g5 Kg4 63. Be3 Kh5 64. Kd3 Kg6 65. Ke4 Bc7 66. Kf4 Bd8 67. Ke4 Kh5 68.
Kd3 Bc7 69. Ke4 Kg4 70. Bd2 Bb6 71.
Bc1 Bf2 72. Bd2 Bb6 73. Bc1 Bd8 74. Be3 Bc7 75. Bd2 Kg3 76. Be3 Kg4 1/2-1/2

[Event "*** Titled Tuesday Blitz"]
[Site "Chess.com"]
[Date "2020.05.05"]
[Round "3"]
[White "archess2"]
[Black "SahaNeelash"]
[Result "0-1"]
[WhiteElo "2267"]
[BlackElo "2499"]
[TimeControl "180+1"]
[EndTime "10:31:18 PDT"]
[Termination "SahaNeelash won by resignation"]

1. d4 d6 2. c4 e5 3. Nf3 Nc6 4. Nc3 f5 5. dxe5 Nxe5 6. Nxe5 dxe5 7. Qxd8+ Kxd8 8. Bg5+ Be7 9. O-O-O+ Bd7 10. Bxe7+ Nxe7 11. e4 f4 12. g3 Ke8 13. gxf4 exf4 14. Rg1 g6 15. e5 Bc6 16. Bg2 Rd8 17. Bxc6+ Nxc6 18. Nd5 Kf7 19. Rge1 Rhe8 20. e6+ Rxe6 21. Rxe6 Kxe6 22.
Nxf4+ Kf5 23. Nd5 Rd7 24. Ne3+ Ke6 25. Re1 Kf7 26. Nd5 Nd4 27. Re4 Ne6 28. h4 c6 29.
Nc3 Rd4 30. f3 Rd3 31. Re5 Rxf3 32. Ne4 Rh3 33. Ng5+ Nxg5 34. hxg5 Rf3 35. Ra5 a6 36. Ra4 Rf5 37. Rb4 b5 38. cxb5 cxb5 39. Rg4 Kg7 40.
Kc2 a5 41. Kd3 h6 42. gxh6+ Kxh6 43. Rh4+ Kg5 44. Rh8 Kf4 45. Kd4 g5 46. Rh1 g4 47.
Rf1+ Kg5 48. Rg1 Kh4 49. Rh1+ Kg3 50. Ke4 Rf2 51. Rg1+ Kh3 52. a3 Rxb2 53. Kf4 Rf2+ 54. Ke3 Rf3+ 55. Ke2 Rxa3 56. Rh1+ Kg2 57. Rh5 Rb3 58. Rg5 g3 59. Rc5 Rb2+ 60. Ke1 Kg1 61. Rg5 g2 62. Rh5 a4 63. Rh3 b4 64. Rg3 a3 65.
Rd3 a2 66. Rd1 Rb1 0-1

[Event "*** Titled Tuesday Blitz"]
[Site "Chess.com"]
[Date "2020.05.05"]
[Round "3"]
[White "PotapovaM"]
[Black "wild_cat99"]
[Result "1/2-1/2"]
[WhiteElo "2372"]
[BlackElo "2565"]
[TimeControl "180+1"]
[EndTime "10:31:19 PDT"]
[Termination "Game drawn - insufficient material"]

1. d4 Nf6 2. c4 g6 3. Nc3 d5 4. cxd5 Nxd5 5. e4 Nxc3 6. bxc3 Bg7 7. Be3 c5 8. Nf3 Qa5 9. Qd2 cxd4 10. cxd4 Qxd2+ 11. Bxd2 Nc6 12. Bb5 O-O 13. Bxc6 bxc6 14. O-O f5 15. exf5 Bxf5 16. Rfe1 c5 17. Be3 Be4 18. Ne5 Rad8 19. Rad1 cxd4 20. Rxd4 Bd5 21. Red1 e6 22. f4 g5 23. g3 gxf4 24. Bxf4 Rc8 25.
R4d2 Rf5 26. Re1 h5 27. Kf2 h4 28. a4 hxg3+ 29. hxg3 Bf8 30. Nd3 Rc4 31. a5 Bg7 32. Ne5 Ra4 33. Ng6 Kf7 34. Ne5+ Ke7 35. Ng6+ Kf6 36.
Nh4 Rh5 37. Nf3 Bf8 38. Be5+ Kf7 39. Bf4 Bc5+ 40. Be3 Bb4 41. Rd4 Bxe1+ 42. Kxe1 Rxd4 43. Nxd4 Rh2 44. Bf2 e5 45. Nb5 Rh1+ 46. Kd2 a6 47.
Nc3 Bc4 48. Ke3 Ra1 49. Ne4 Rxa5 50. Nd6+ Ke6 51. Nxc4 Ra2 52. Nd2 a5 53. Kd3 a4 54.
Bc5 Kd5 55. Be7 Ra1 56. g4 a3 57. Kc3 Rc1+ 58. Kb3 a2 59. Kxa2 Rc2+ 60. Kb3 Rxd2 61. g5 Rg2 62. Kc3 Ke4 63. Kc4 Kf3 64. Kd5 e4 65.
Ke5 e3 66. Kf5 e2 67. Bb4 Kg3 68. g6 Kh4 69. Kf6 Rf2+ 70. Ke7 Rg2 71. Kf7 Rf2+ 72.
Ke7 Rg2 73. Kf7 Rg1 74. g7 Rxg7+ 75. Kxg7 Kg3 76. Be1+ Kg2 77. Bb4 Kf1 78. Kf6 e1=Q 79. Bxe1 1/2-1/2

[Event "*** Titled Tuesday Blitz"]
[Site "Chess.com"]
[Date "2020.05.05"]
[Round "3"]
[White "cukus"]
[Black "MikaelyanArman"]
[Result "0-1"]
[WhiteElo "2505"]
[BlackElo "2740"]
[TimeControl "180+1"]
[EndTime "10:31:20 PDT"]
[Termination "MikaelyanArman won by resignation"]

1. e4 e5 2. Nf3 Nc6 3. Bb5 a6 4.
Ba4 Nf6 5. O-O Be7 6. Re1 b5 7. Bb3 d6 8. c3 O-O 9. h3 Bb7 10. d4 Nd7 11. Nbd2 exd4 12. cxd4 Bf6 13. Nf1 Na5 14.
Bc2 Re8 15. Bf4 Nc4 16. b3 Ncb6 17. Rc1 g6 18. N1h2 h5 19. Bb1 Nf8 20. d5 Nbd7 21. Qd2 Nh7 22. Nd4 Ne5 23. Nc6 Bxc6 24. dxc6 Qe7 25. Be3 g5 26. Nf1 g4 27. hxg4 Nxg4 28.
Ng3 Be5 29. Nf5 Qf6 30. Bf4 Bxf4 31. Qxf4 Qe5 32. Nh6+ Kg7 33. Nf5+ Kh8 34. Qxe5+ Nxe5 35. f4 Ng6 36. g3 Nf6 37. Kf2 Ng4+ 38. Kf3 Nh2+ 39.
Kg2 Ng4 40. Rh1 Nf6 41. Kf3 Kg8 42. Bd3 Ne7 43. Ne3 Ng6 44. g4 hxg4+ 45. Nxg4 Nxg4 46. Kxg4 Kg7 47. Kf3 Rh8 48. a4 bxa4 49. bxa4 a5 50. Rxh8 Rxh8 51. Rb1 Rh3+ 52. Kg4 Rxd3 53. Rb7 Rc3 54.
Rxc7 Rc4 55. Rc8 Rxe4 56. c7 Rxf4+ 57. Kg3 Rc4 58. Ra8 Rxc7 59. Rxa5 Rc3+ 60. Kf2 Ne5 61. Ra6 Ra3 62. Rxd6 Rxa4 63. Rd8 Ra2+ 64. Ke3 Ra6 65.
Rb8 Ng6 66. Ke4 Re6+ 67. Kf5 Re5+ 68. Kg4 f6 69. Rb7+ Kh6 70. Rb8 Rg5+ 71. Kf3 Rf5+ 72. Kg3 Re5 73. Kg4 f5+ 74. Kf3 Kg5 75. Rb6 Ra5 76.
Rc6 Ne5+ 77. Kg3 Nxc6 0-1

[Event "*** Titled Tuesday Blitz"]
[Site "Chess.com"]
[Date "2020.05.05"]
[Round "3"]
[White "MFguimaraes"]
[Black "Szczor"]
[Result "0-1"]
[WhiteElo "2406"]
[BlackElo "2636"]
[TimeControl "180+1"]
[EndTime "10:31:22 PDT"]
[Termination "Szczor won on time"]

1. e4 c5 2. Nf3 d6 3. d4 cxd4 4. Nxd4 Nf6 5. Nc3 a6 6. g3 e6 7.
Nde2 Nbd7 8. Bg2 Be7 9. O-O O-O 10. a4 Qc7 11. Be3 Ne5 12. b3 b6 13. a5 bxa5 14. Na4 Bb7 15. Bb6 Qb8 16. f3 d5 17. f4 Ned7 18. e5 Nxb6 19. exf6 Bxf6 20. Nxb6 Qa7 21. Ra2 Qxb6+ 22. Kh1 Rac8 23. Qd2 Qb4 24. Rd1 Rc7 25. Rxa5 Qxd2 26. Rxd2 Rfc8 27. c4 dxc4 28. bxc4 Bxg2+ 29. Kxg2 Rxc4 30. Rxa6 g6 31. Rad6 Kg7 32. h4 h5 33.
Ng1 Rc3 34. Nf3 Ra3 35. R6d3 Rcc3 36. Rxc3 Rxc3 37. Ra2 Rb3 38. Kf2 Be7 39. Ne5 Bc5+ 40. Kg2 Bd4 41. Nc4 Rc3 42. Ra4 Rc2+ 43. Kf3 Rf2+ 44. Ke4 Bf6 45. Nd6 Be7 46. Ne8+ Kf8 47. Ra8 f5+ 48. Kd3 Kf7 49. Nc7 Rg2 50. Ra6 Rxg3+ 51.
Ke2 Rg4 52. Nxe6 Rxh4 53. Kf3 Rh1 54. Nd4 Rd1 55. Nc6 Bf6 56. Ra7+ Ke6 57. Ra6 Rd6 58. Ke3 g5 59. Kf3 g4+ 60. Kg3 h4+ 61. Kg2 h3+ 62.
Kg3 Kd5 63. Nb4+ Kc5 64. Rxd6 Kxd6 65. Nd3 Bd4 66. Nc1 Be3 67. Ne2 Kd5 68. Nc3+ Kd4 69. Nb5+ Kd3 70. Nd6 Bxf4+ 71. Kxf4 h2 72. Nxf5 h1=Q 73.
Kxg4 Qe4+ 74. Kg5 Qf3 75. Nh4 Qg3+ 76. Kh5 Ke4 77. Ng6 Kf5 78. Ne7+ Ke6 79. Ng6 Kf6 0-1

[Event "*** Titled Tuesday Blitz"]
[Site "Chess.com"]
[Date "2020.05.05"]
[Round "3"]
[White "AlphalphaZero"]
[Black "LogoCzar"]
[Result "1-0"]
[WhiteElo "2551"]
[BlackElo "2350"]
[TimeControl "180+1"]
[EndTime "10:31:26 PDT"]
[Termination "AlphalphaZero won by checkmate"]

1. e4 e5 2. Nf3 Nc6 3. Bb5 Nf6 4. d3 Bc5 5. Bxc6 dxc6 6. Nbd2 Nd7 7. Nc4 f6 8. Be3 Bxe3 9. Nxe3 Nf8 10. Qe2 Ne6 11.
O-O Nf4 12. Qd2 Be6 13. g3 Nh3+ 14. Kg2 g5 15. Nf5 Bxf5 16. exf5 g4 17. Nh4 Qd5+ 18.
f3 h5 19. c4 Qd4 20. Rae1 O-O-O 21. Ng6 Rhe8 22. fxg4 hxg4 23. Qe2 Qxd3 24. Qxg4 Ng5 25. Nxe5 fxe5 26. Qxg5 e4 27. Qe3 Qxc4 28. f6 Rd3 29. f7 Rf8 30. Qxe4 Rd2+ 31. Kh1 Qxe4+ 32. Rxe4 b6 33.
Re8+ Rd8 34. Re7 Rd7 35. Rfe1 Rxf7 36. Rxf7 Rxf7 37. Re2 Rf1+ 38. Kg2 Ra1 39. a3 c5 40.
g4 c4 41. Rc2 Ra2 42. g5 c3 43. Rxc3 Rxb2+ 44. Kg3 Rb5 45. h4 Kd7 46. Re3 Kd6 47.
Kg4 Re5 48. Rf3 c5 49. g6 Re8 50. h5 Rg8 51. Kg5 c4 52. h6 c3 53. Rxc3 Ke5 54.
Rf3 b5 55. Rf7 a5 56. Rb7 b4 57. axb4 a4 58. Ra7 a3 59. Rxa3 Kd4 60. Ra7 Ke5 61.
h7 Rh8 62. g7 Ke6 63. g8=Q+ Kd6 64. Qxh8 Kc6 65. Qf6+ Kb5 66. Rb7+ Ka4 67. h8=Q Kb3 68. Qb2+ Kc4 69. Qc2+ Kd5 70. Qg8+ Kd6 71. Qc5# 1-0

[Event "*** Titled Tuesday Blitz"]
[Site "Chess.com"]
[Date "2020.05.05"]
[Round "3"]
[White "ThePatrick27"]
[Black "ajkom197"]
[Result "1-0"]
[WhiteElo "2529"]
[BlackElo "2302"]
[TimeControl "180+1"]
[EndTime "10:31:26 PDT"]
[Termination "ThePatrick27 won by resignation"]

1. d4 d5 2. c4 c6 3. Nc3 Nf6 4.
Nf3 dxc4 5. a4 Bf5 6. e3 e6 7. Bxc4 Bb4 8. O-O O-O 9. Qe2 Ne4 10. Nxe4 Bxe4 11. Rd1 Nd7 12. Bd2 Bxf3 13. Qxf3 Bxd2 14. Rxd2 Ne5 15. Qe2 Nxc4 16. Qxc4 Rc8 17. Rad1 Qd5 18. Qc2 Rfd8 19. b4 a5 20. Qb2 b5 21. axb5 Qxb5 22.
bxa5 Qxa5 23. h3 h6 24. Rc1 Rd7 25. Rdc2 Rdc7 26. Rc5 Qa4 27. Qc2 Qxc2 28. R1xc2 Kf8 29. Kf1 Ke7 30. Ke2 Kd7 31. Kd3 Rb7 32. g4 Rb3+ 33. Ke4 Rb1 34. h4 Rh1 35. h5 Rg1 36. f3 Kd6 37.
Kf4 Rc7 38. e4 Rd1 39. R2c4 Rd3 40. e5+ Kd7 41. Ke4 Rd1 42. Ra4 Ke7 43. Ra6 Re1+ 44.
Kf4 Rd1 45. Ke3 Re1+ 46. Kd2 Rf1 47. Ke2 Rb1 48. Rcxc6 Rxc6 49. Rxc6 Rb7 50. Ke3 Ra7 51. Ke4 Rb7 52. f4 Ra7 53. f5 Rb7 54. Ra6 Rc7 55. Kd3 Rd7 56. Ke4 Rc7 57. Rd6 Ra7 58. fxe6 fxe6 59.
Rb6 Ra1 60. Rb7+ Kf8 61. Rb8+ Kf7 62. Rb7+ Kf8 63. Kd3 Rg1 64. Kc4 Rxg4 65. Kc5 g5 66. hxg6 Rxg6 67. Kd6 h5 68. Rh7 Rg4 69. Kxe6 Rxd4 70.
Rxh5 Rd1 71. Rh8+ Kg7 72. Rh2 Re1 73. Rf2 Re3 74. Kd6 Rd3+ 75. Ke7 Re3 76. e6 Rd3 77. Ke8 Re3 78. Ke7 Re1 79. Rg2+ Kh7 80. Kf7 Rf1+ 81. Ke8 Re1 82. e7 Re4 83. Kd7 Rd4+ 84. Ke6 Re4+ 85.
Kf6 Re3 86. Rg5 Rf3+ 87. Rf5 Re3 88. Re5 1-0

[Event "*** Titled Tuesday Blitz"]
[Site "Chess.com"]
[Date "2020.05.05"]
[Round "3"]
[White "Flawless_Fighter"]
[Black "abubakrtagelsir"]
[Result "0-1"]
[WhiteElo "2516"]
[BlackElo "2353"]
[TimeControl "180+1"]
[EndTime "10:31:33 PDT"]
[Termination "abubakrtagelsir won on time"]

1. e4 d6 2. d4 Nf6 3. Nc3 g6 4. Be3 c6 5. f3 Nbd7 6. Qd2 b5 7.
a3 Bg7 8. Bh6 O-O 9. h4 e5 10.
O-O-O a5 11. dxe5 dxe5 12. h5 Qe7 13. Bxg7 Kxg7 14. hxg6 fxg6 15. a4 b4 16. Nce2 Nc5 17. b3 Be6 18. Qd6 Qxd6 19. Rxd6 Rac8 20. Ng3 Rfd8 21.
Rxd8 Rxd8 22. Nh3 Bxh3 23. Rxh3 Ne6 24. Rh2 Nd7 25. Bc4 Nf4 26. Nf1 Nb6 27. g3 Nh5 28. Bd3 c5 29. Bb5 Rd4 30. Ne3 Nxg3 31. Rg2 Nh5 32.
Nf5+ Kf6 33. Nxd4 cxd4 34. Rh2 Nc8 35. Kd2 Nd6 36. Bd7 Nf7 37. Bg4 Kg5 38. Kd3 Nf4+ 39. Kc4 h5 40. Bd7 Kf6 41. Kb5 Ng5 42. Kxa5 Nxf3 43.
Rh1 g5 44. Kb6 g4 45. a5 g3 46. a6 g2 47. Ra1 d3 48. a7 d2 49. a8=Q Ne1 50.
Qf8+ Kg5 51. Qg7+ Kh4 52. Qf6+ Kg3 53. Qg5+ Kf3 54. Rd1 Ke2 55. Rxd2+ Kxd2 56. Bb5 Nf3 57. Qg3 g1=Q+ 58. Qxg1 Nxg1 59. Kc5 Kxc2 60. Kxb4 h4 61. Bd7 Nf3 0-1

[Event "*** Titled Tuesday Blitz"]
[Site "Chess.com"]
[Date "2020.05.05"]
[Round "3"]
[White "SharapovEvgeny"]
[Black "TengisChess"]
[Result "1-0"]
[WhiteElo "2359"]
[BlackElo "2527"]
[TimeControl "180+1"]
[EndTime "10:31:36 PDT"]
[Termination "SharapovEvgeny won by checkmate"]

1. e4 c6 2. d4 d5 3. Nc3 dxe4 4. Nxe4 Nf6 5. Nxf6+ gxf6 6. c3 h5 7. Nf3 h4 8. h3 Bf5 9. Be3 Nd7 10. Bd3 Bxd3 11. Qxd3 Nb6 12. O-O-O Qd5 13. Kb1 Qb5 14. Qxb5 cxb5 15. Rhe1 Nd5 16. Bc1 e6 17. Re4 Bd6 18.
Rxh4 Rxh4 19. Nxh4 Ke7 20. Nf3 Rh8 21. h4 a5 22. g3 a4 23. a3 Nb6 24. Ne1 Nc4 25. Nd3 Kd7 26. Bf4 Be7 27. Ne1 Kc6 28. Nc2 Kd5 29. Re1 e5 30. dxe5 fxe5 31. Ne3+ Nxe3 32. Bxe3 f5 33. Rd1+ Ke4 34. Rd7 Bf6 35. Rxb7 f4 36.
gxf4 exf4 37. Ba7 Rh5 38. Kc2 Bxh4 39. b3 axb3+ 40. Kxb3 Kf3 41. Rf7 Rd5 42. a4 bxa4+ 43. Kxa4 Rd2 44. c4 Rc2 45. Kb5 Rc1 46. Bd4 Rd1 47.
Be5 Bg5 48. c5 Rb1+ 49. Kc4 Rf1 50. c6 Rc1+ 51. Kd5 Rd1+ 52. Ke6 Rc1 53. c7 Ke4 54. Bd6 f3 55. Kd7 Bd2 56. c8=Q Rxc8 57. Kxc8 Kd5 58. Kd7 Ke4 59. Ke6 Bc3 60. Bc5 Be1 61. Be3 Bc3 62. Rf4+ Kd3 63. Rxf3 Ke2 64. Rf4 Kd3 65.
Kf5 Ba5 66. Kg4 Bc7 67. Rf3 Ke2 68. Rh3 Bd6 69. Bf4 Bf8 70. f3 Kd3 71. Bg5 Kd4 72. f4 Kd5 73. f5 Ke5 74. Re3+ Kd4 75. Re2 Bb4 76. f6 Kd5 77. f7 Kc4 78. Be7 Kd3 79. Bxb4 Kxe2 80. f8=Q Kd3 81. Qf4 Kc2 82. Qc4+ Kb2 83.
Bc5 Kb1 84. Qe2 Kc1 85. Bd4 Kb1 86. Qb2# 1-0

[Event "*** Titled Tuesday Blitz"]
[Site "Chess.com"]
[Date "2020.05.05"]
[Round "3"]
[White "Tejas_Rama"]
[Black "rakshi2005"]
[Result "0-1"]
[WhiteElo "2452"]
[BlackElo "2284"]
[TimeControl "180+1"]
[EndTime "10:31:37 PDT"]
[Termination "rakshi2005 won by checkmate"]

1. Nf3 Nf6 2. c4 e5 3. Nxe5 Nc6 4. Nf3 g6 5. Nc3 Bg7 6. d4 O-O 7.
d5 Ne7 8. e4 d6 9. h4 h5 10. Bd3 Ng4 11. Bf4 Kh8 12. Qd2 Ng8 13. O-O-O a6 14. Bg5 Qe8 15. Nh2 Ne5 16. f3 Nxd3+ 17.
Qxd3 Bd7 18. Nf1 b5 19. Nd2 bxc4 20. Nxc4 Rb8 21. Rdg1 Nf6 22. g4 Rb4 23. Bxf6 Bxf6 24.
gxh5 Bb5 25. Nxb5 Qxb5 26. b3 a5 27. hxg6 a4 28. e5 axb3 29. axb3 Rxb3 30. Qc2 Qb4 31.
exf6 Rc3 32. g7+ Kg8 33. gxf8=Q+ Kxf8 34. Nb2 Qf4+ 35. Kb1 Rxc2 36. Kxc2 Qf5+ 37. Nd3 Qxf6 38. Rf1 Qd4 39. h5 Qxd5 40. Rhg1 Qc4+ 41. Kd2 Qa2+ 42.
Ke3 Qe6+ 43. Kf2 Qd5 44. Nf4 Qd4+ 45. Kg3 Qe5 46. h6 Qg5+ 47. Kf2 Qxf4 48. h7 Qd2+ 49.
Kg3 Qg5+ 50. Kh3 Qh5+ 51. Kg3 Qxh7 52. Kf4 Qh6+ 53. Ke4 Qe6+ 54. Kd3 c5 55. Rd1 Qd5+ 56. Kc3 Qe5+ 57. Kd2 d5 58. Kc2 d4 59. Rd3 Qd5 60.
Rgd1 Qc4+ 61. Kb1 Qb4+ 62. Kc1 Ke7 63. R3d2 Kd6 64. Rc2 Kd5 65. Rdd2 Qa4 66. Kd1 Qa1+ 67. Rc1 Qa4+ 68. Rdc2 d3 69. Kd2 dxc2 70. Rxc2 Qd4+ 71. Kc1 Qa1+ 72. Kd2 Kd4 73. f4 c4 74. Ke2 Qa8 75. Kd2 Qg2+ 76. Kc1 Qf1+ 77. Kb2 Qxf4 78. Kb1 Qf1+ 79. Rc1 Qxc1+ 80. Kxc1 Kd3 81. Kd1 f5 82. Kc1 f4 83. Kd1 f3 84. Ke1 c3 85. Kf2 Ke4 86.
Ke1 Ke3 87. Kd1 f2 88. Kc2 Kd4 89.
Kd1 f1=Q+ 90. Kc2 Qe2+ 91. Kb3 Qb2+ 92. Ka4 Kc5 93. Ka5 Qa3# 0-1